cohdb
Replays
Latest Replays
All Replays
Popular Replays
Top Player Replays
Match Explorer
How It Works
Community
CoH3 Stats
Reddit
Sign in to upload your games and track your stats! →
Sign in with Steam
Match 42273587
Unlisted
Match 42273587
Overview
Messages
Build Orders
End
Construct Section Command Post
Infantry Section
Infantry Section
Selects Heavy Armor Battlegroup
Dingo Light Scout Car
Infantry Section
Construct Field Infirmary
Selects Engineer Detachments
Selects Rigorous Vehicle Training
Selects Forward Repair Assembly
Construct Platoon Command Post
Royal Engineer Section
6-pounder Anti-tank Gun Team
Unlock M3 Stuart Light Tanks
Grenade Package
Selects Light Vehicle Withdraw and Refit
M3 Stuart Light Tank
Infantry Section
Infantry Section
Magnus
GenevaSuggestion
Moose
Tanith's Finest
0
0
Comments
sign in to comment!
No comments posted yet!